[Event "Early-Titled-Tuesday-Blitz-September-05-2023"]
[Site "Chess.com"]
[Date "2023.09.05"]
[Round "3"]
[White "Al_Shima"]
[Black "GeorgiosSouleidis"]
[Result "1/2-1/2"]
[WhiteElo "2338"]
[BlackElo "2536"]
[TimeControl "180+1"]
[EndTime "8:27:17 PDT"]
[Termination "Game drawn - insufficient material"]

1. d4 Nf6 2. c4 g6 3. Nc3 Bg7 4. e4 d6 5. Be2 O-O 6. Nf3 e5 7. O-O Bg4 8. dxe5 Bxf3 9. Bxf3 dxe5 10. Bg5 c6 11. Qc1 a5 12. Rd1 Qc7 13. Bh6 Nbd7 14. Bxg7 Kxg7 15. Qe3 Rfd8 16. Rd2 Nf8 17. Rad1 Rxd2 18.
Qxd2 Ne6 19. Qd6 Rc8 20. h3 Nd4 21. Qxc7 Rxc7 22. Kf1 Kf8 23. Ne2 Nxf3 24. gxf3 Ke7 25. Ke1 Rd7 26. Rxd7+ Kxd7 27. Kd2 Ke6 28. Ke3 Nh5 29.
f4 f6 30. fxe5 fxe5 31. h4 h6 32. b3 b6 33. a3 Kd6 34. b4 axb4 35. axb4 Ke6 36.
c5 bxc5 37. bxc5 Nf6 38. f4 Nd7 39. fxe5 Kxe5 40. Nd4 Nxc5 41. Nxc6+ Kf6 42. Kf4 Ne6+ 43. Kg4 h5+ 44. Kf3 g5 45. hxg5+ Kxg5 46. Kg3 h4+ 47. Kh2 Kf4 48. Ne7 Kxe4 49. Ng6 h3 50. Kg3 h2 51. Kxh2 1/2-1/2

[Event "Early-Titled-Tuesday-Blitz-September-05-2023"]
[Site "Chess.com"]
[Date "2023.09.05"]
[Round "3"]
[White "CarrotsandPizza"]
[Black "DishonorOnYourCow"]
[Result "0-1"]
[WhiteElo "2241"]
[BlackElo "2552"]
[TimeControl "180+1"]
[EndTime "8:27:18 PDT"]
[Termination "DishonorOnYourCow won by resignation"]

1. e4 c5 2. d4 cxd4 3. Nf3 d6 4. Nxd4 Nf6 5. Nc3 a6 6. Bc4 e6 7. Bb3 Be7 8. g4 h6 9. Rg1 b5 10. a3 Qc7 11. h4 Bb7 12. Qe2 Nc6 13. Be3 Nd7 14.
Bxe6 fxe6 15. Nxe6 Qa5 16. Nxg7+ Kf7 17. Nf5 b4 18.
Nd5 bxa3+ 19. c3 axb2 20. Qxb2 Qb5 21. Qc2 Nce5 22. Ndxe7 Nf3+ 23. Kd1 Nxg1 24. Nxd6+ Kxe7 25. Nxb5 axb5 26. Rxa8 Rxa8 27. Qb1 Bc6 28. Bxh6 Ne5 29. Bg5+ Kd7 30. Kc2 Bxe4+ 31. Kb2 Bxb1 32. Kxb1 Ngf3 33. Bf4 Nd3 34. Be3 Nxh4 35. Kc2 Ne5 36. g5 Nhf3 37. Bf4 Rg8 38. Bxe5 Nxe5 39. f4 Ng6 40. f5 Nh4 41. f6 Rxg5 0-1

[Event "Early-Titled-Tuesday-Blitz-September-05-2023"]
[Site "Chess.com"]
[Date "2023.09.05"]
[Round "3"]
[White "GianmarcoVaR"]
[Black "Duhless"]
[Result "0-1"]
[WhiteElo "2646"]
[BlackElo "3013"]
[TimeControl "180+1"]
[EndTime "8:27:19 PDT"]
[Termination "Duhless won on time"]

1. Nf3 Nf6 2. c4 c5 3. Nc3 e6 4. g3 b6 5. Bg2 Bb7 6. O-O Be7 7. d4 cxd4 8. Qxd4 d6 9. Bg5 Nbd7 10. Nb5 d5 11.
cxd5 Bxd5 12. Nc3 Bb7 13. Rfd1 O-O 14. Bxf6 Nxf6 15. Qa4 Qb8 16. Nd4 Bxg2 17. Kxg2 Rc8 18. Qa6 Bb4 19. Ndb5 Qe5 20. Rd3 h5 21. Rad1 h4 22.
Qb7 a6 23. Nd6 Bxd6 24. Rxd6 Rab8 25. Qf3 b5 26. R6d4 b4 27. Na4 Rc2 28. Rd8+ Rxd8 29. Rxd8+ Kh7 30. Qd3+ Qe4+ 31. Qxe4+ Nxe4 32. Kf3 Nd2+ 33.
Ke3 Nf1+ 34. Kf4 Rxe2 35. Kf3 Rc2 36. gxh4 Nxh2+ 37. Kg3 Nf1+ 38. Kf3 Nd2+ 0-1

[Event "Early-Titled-Tuesday-Blitz-September-05-2023"]
[Site "Chess.com"]
[Date "2023.09.05"]
[Round "3"]
[White "valemava"]
[Black "jup1978"]
[Result "0-1"]
[WhiteElo "2289"]
[BlackElo "2515"]
[TimeControl "180+1"]
[EndTime "8:27:19 PDT"]
[Termination "jup1978 won on time"]

1. e4 c5 2. a3 g6 3. b4 Bg7 4. c3 d5 5. d3 dxe4 6. dxe4 Qxd1+ 7. Kxd1 Nf6 8. f3 Nfd7 9. Be3 O-O 10. Kc2 b6 11. Nd2 Ba6 12. Bxa6 Nxa6 13. Ne2 Rac8 14. Kb3 Ne5 15. b5 Nc7 16. Nc4 Nxb5 17. Nxe5 Bxe5 18. a4 Nd6 19. f4 Bg7 20. e5 Nf5 21. Bf2 e6 22. g4 Ne7 23. c4 g5 24. Bg3 gxf4 25. Nxf4 Nc6 26. Rae1 Rcd8 27. Re3 Rd4 28. Nh5 Rfd8 29.
Nxg7 Kxg7 30. Bh4 Na5+ 31. Kc2 Rxc4+ 32. Kb1 Rd7 33. Bf6+ Kg6 34. h4 h6 35. h5+ Kh7 36. g5 hxg5 37. Rg3 g4 38. Rh4 Rdd4 39. Rh2 Rf4 40. h6 Nc6 41. Kb2 Nb4 42. a5 Nd5 43. axb6 axb6 44. Bd8 b5 45. Rg1 Rb4+ 0-1

[Event "Early-Titled-Tuesday-Blitz-September-05-2023"]
[Site "Chess.com"]
[Date "2023.09.05"]
[Round "3"]
[White "Massakru"]
[Black "HeinichessPY"]
[Result "1-0"]
[WhiteElo "2430"]
[BlackElo "2198"]
[TimeControl "180+1"]
[EndTime "8:27:20 PDT"]
[Termination "Massakru won by resignation"]

1. e4 c5 2. Nf3 Nc6 3. c3 Nf6 4. e5 Nd5 5. Bc4 Nb6 6. Bb3 g6 7. d4 cxd4 8. cxd4 d5 9. h3 Bg7 10. O-O O-O 11. Bg5 Bf5 12. Nc3 Na5 13. Bc2 Bxc2 14.
Qxc2 Rc8 15. Rac1 Qd7 16. b3 Rc7 17. Qd2 Rfc8 18. Ne2 Rxc1 19. Nxc1 Nc6 20. Nd3 Qf5 21. Qe3 Nd7 22. g4 Qe4 23. Rc1 Qxe3 24. fxe3 h6 25. Bh4 g5 26. Bg3 e6 27. h4 Ne7 28. Rxc8+ Nxc8 29. hxg5 hxg5 30. Nxg5 Bh6 31. Bf4 Kg7 32.
Kf2 Ne7 33. Ke2 Ng6 34. Nh3 f6 35. exf6+ Nxf6 36. Bxh6+ Kxh6 37. g5+ Kg7 38. gxf6+ Kxf6 39. Nhf4 Nh4 40. Nc5 b6 41. Ncxe6 Kf5 42. Nc7 Ke4 43. Ncxd5 b5 44. Nc3+ Kf5 45. Nxb5 a5 46. a3 Ke4 47.
Nc3+ Kf5 48. Nd3 Ng6 49. e4+ Ke6 50. d5+ Kd6 51. Nb5+ Kd7 52. e5 Ke7 53. d6+ Kd7 54. Nc5+ Kc6 55. d7 a4 56. d8=Q axb3 57. Qd6+ Kxb5 58.
Nd3 1-0

[Event "Early-Titled-Tuesday-Blitz-September-05-2023"]
[Site "Chess.com"]
[Date "2023.09.05"]
[Round "3"]
[White "KChor05TTV"]
[Black "moro182"]
[Result "0-1"]
[WhiteElo "2610"]
[BlackElo "2850"]
[TimeControl "180+1"]
[EndTime "8:27:22 PDT"]
[Termination "moro182 won by resignation"]

1. e4 g6 2. d4 Bg7 3. Nc3 a6 4. f4 d5 5. Nxd5 e6 6. Nc3 Qxd4 7. Qxd4 Bxd4 8. Nf3 Bg7 9. Be3 b6 10. O-O-O Bb7 11.
Bd4 Bxd4 12. Nxd4 Nd7 13. Be2 O-O-O 14. Bf3 e5 15. Nde2 Ngf6 16. g3 Rhe8 17. Rhe1 exf4 18. Nxf4 Ne5 19. Bg2 Rxd1+ 20. Rxd1 Neg4 21. Nfd5 Bxd5 22. exd5 Kd7 23. Rf1 Ke7 24. Re1+ Kd6 25. Rf1 Ke7 26. Re1+ Kf8 27. Rf1 Kg7 28. h3 Ne3 29. Rf2 Nc4 30.
Rf1 h5 31. Bf3 b5 32. b3 Nd6 33. a3 Nd7 34. Kd2 Ne5 35. Bg2 Nf5 36. Ne4 Nd7 37. g4 hxg4 38. hxg4 Nd6 39. Ng5 Ne5 40. Kc3 Nxg4 41.
Kd4 Ne3 42. Rf2 Re7 43. Kc5 Kh6 44. Nf3 Ne4+ 0-1

[Event "Early-Titled-Tuesday-Blitz-September-05-2023"]
[Site "Chess.com"]
[Date "2023.09.05"]
[Round "3"]
[White "kikoveiga"]
[Black "Khromkin"]
[Result "1-0"]
[WhiteElo "2600"]
[BlackElo "2414"]
[TimeControl "180+1"]
[EndTime "8:27:22 PDT"]
[Termination "kikoveiga won by resignation"]

1. c4 c5 2. Nf3 Nc6 3. a3 g6 4.
Nc3 Bg7 5. Rb1 a6 6. b4 cxb4 7. axb4 d6 8. d4 b5 9. cxb5 axb5 10. e3 Bf5 11. e4 Bd7 12. Bxb5 Rb8 13. Bxc6 Bxc6 14. O-O Nf6 15. d5 Bd7 16. Nd4 O-O 17. b5 Ng4 18. h3 Ne5 19. Qb3 f5 20. Nc6 Bxc6 21. dxc6+ Kh8 22. Qc2 fxe4 23. Nxe4 Qc8 24.
Be3 Rf3 25. Ng5 Rf5 26. Rfc1 h6 27. Ne4 Rf3 28. Ng3 h5 29. c7 Rb7 30. gxf3 h4 31. Ne4 Qxh3 32. c8=Q+ Qxc8 33. Qxc8+ 1-0

[Event "Early-Titled-Tuesday-Blitz-September-05-2023"]
[Site "Chess.com"]
[Date "2023.09.05"]
[Round "3"]
[White "ArtemDyachuk"]
[Black "gm_rashid"]
[Result "1-0"]
[WhiteElo "2569"]
[BlackElo "2390"]
[TimeControl "180+1"]
[EndTime "8:27:22 PDT"]
[Termination "ArtemDyachuk won by resignation"]

1. e4 e6 2. d4 d5 3. e5 c5 4. c3 Nc6 5. Nf3 Bd7 6. Be2 f6 7. O-O Qc7 8. Re1 fxe5 9. dxe5 g6 10. Rf1 Bg7 11. Bf4 Nxe5 12. Qd2 Ne7 13. Re1 Nxf3+ 14. Bxf3 e5 15. Bg5 Bc6 16. Bxe7 Qxe7 17. Bxd5 O-O-O 18. c4 Rhf8 19. Nc3 Kb8 20. Rad1 Qh4 21. Qe3 Bxd5 22.
cxd5 b6 23. g3 Qh3 24. Ne4 Rf5 25. Ng5 Qh5 26. Ne6 Bh6 27. Qe2 Qxe2 28. Rxe2 Rd6 29. g4 Rf7 30. Rxe5 Rfd7 31. f4 c4 32. Kf2 b5 33.
Ke3 Kb7 34. Ke4 Kb6 35. b4 cxb3 36. axb3 a5 37. h4 Bg7 38. g5 Bxe5 39. fxe5 Rxe6 40. dxe6 Re7 41. Kd5 a4 42. bxa4 bxa4 43. Kd6 Re8 44. e7 a3 45. Ra1 Ra8 46. Rxa3 Rb8 47. Rb3+ Ka7 48. Rxb8 Kxb8 49. e8=Q+ Kb7 50. e6 Ka6 51. e7 Ka5 52. Qf7 Kb4 53. Qxh7 Kc4 54. Qxg6 Kc3 55. h5 Kd2 56. h6 Ke3 57. h7 Kf4 58. h8=Q Kg3 59. e8=Q Kf2 60. Qgf7+ Kg2 61. Qff8 Kg1 62. Kd7 Kg2 63. Kd8 Kg3 64. g6 1-0

[Event "Early-Titled-Tuesday-Blitz-September-05-2023"]
[Site "Chess.com"]
[Date "2023.09.05"]
[Round "3"]
[White "kasun_bole"]
[Black "Actuary44"]
[Result "1-0"]
[WhiteElo "2394"]
[BlackElo "2530"]
[TimeControl "180+1"]
[EndTime "8:27:22 PDT"]
[Termination "kasun_bole won by resignation"]

1. d4 Nf6 2. c4 g6 3. Nc3 Bg7 4. e4 d6 5. f3 O-O 6. Be3 Na6 7. Qd2 c5 8. Nge2 cxd4 9. Nxd4 Nc5 10. Be2 a6 11.
O-O Bd7 12. b4 Ne6 13. Rfc1 Rc8 14. Rab1 Nh5 15. Nd5 Nxd4 16. Bxd4 Bxd4+ 17. Qxd4 e6 18. Nb6 Rc6 19. Nxd7 Qxd7 20. Bf1 Rfc8 21. Rd1 e5 22. Qxe5 Re8 23. Qd4 Nf4 24. c5 Rd8 25.
Qe3 g5 26. Rd2 Qe7 27. Rbd1 d5 28. g3 Ng6 29. Rxd5 Rxd5 30. Rxd5 h6 31. Qd4 Rf6 32.
Rd8+ Kh7 33. Rd7 Qe6 34. Rd6 Rxf3 35. Rxe6 fxe6 36. Qd7+ Kg8 37. Qxe6+ Kg7 38. e5 Re3 39. Qf6+ Kh7 40. e6 Ne5 41. e7 Nf3+ 42. Qxf3 Rxf3 43. e8=Q 1-0

[Event "Early-Titled-Tuesday-Blitz-September-05-2023"]
[Site "Chess.com"]
[Date "2023.09.05"]
[Round "3"]
[White "Witik"]
[Black "Langua_Chess"]
[Result "0-1"]
[WhiteElo "2671"]
[BlackElo "2493"]
[TimeControl "180+1"]
[EndTime "8:27:23 PDT"]
[Termination "Langua_Chess won by resignation"]

1. d4 d5 2. Bf4 c5 3. e3 Nf6 4. c3 e6 5. Nd2 Be7 6. Bd3 Nc6 7. g4 Nd7 8. Ngf3 f6 9. Rg1 e5 10.
dxe5 fxe5 11. Bg3 e4 12. Nxe4 dxe4 13. Bxe4 Nf6 14. Bxc6+ bxc6 15. Qa4 O-O 16. Ne5 Be6 17. Nxc6 Qe8 18. O-O-O Kh8 19. Qa6 Bxg4 20. Nxe7 Bxd1 21. Nf5 Qe4 22. Rxd1 Qxf5 23. Qb7 Rad8 24. Qh1 h6 25. f3 Qe6 26. Kb1 Qxe3 27. Rc1 Rd2 28. Ka1 Qe2 29. Rb1 Nd5 30. Bd6 Rd8 31. Bxc5 Nxc3 32.
Re1 Rd1+ 33. Rxd1 Rxd1+ 0-1

[Event "Early-Titled-Tuesday-Blitz-September-05-2023"]
[Site "Chess.com"]
[Date "2023.09.05"]
[Round "3"]
[White "Ducke13"]
[Black "MikeSailer"]
[Result "1-0"]
[WhiteElo "2419"]
[BlackElo "2168"]
[TimeControl "180+1"]
[EndTime "8:27:23 PDT"]
[Termination "Ducke13 won by checkmate"]

1. d4 d5 2. g3 Nf6 3. Nf3 Bf5 4. c4 e6 5. Nc3 c6 6. Nh4 Bg4 7. h3 Bh5 8. g4 Ne4 9. Nxe4 dxe4 10. Qb3 Qxh4 11.
Qxb7 Bg6 12. c5 Qd8 13. Qxa8 e5 14. e3 exd4 15. exd4 Be7 16. Qxa7 O-O 17. Be3 Bg5 18. Qa3 f5 19. Bc4+ Kh8 20. gxf5 Bxf5 21. O-O-O Bxe3+ 22. Qxe3 Nd7 23. h4 Qa5 24. h5 h6 25. Rhg1 Bh7 26.
Qc3 Qa7 27. d5 Nxc5 28. dxc6 Nd3+ 29. Kb1 Rxf2 30. Bxd3 exd3 31. Ka1 Rf8 32. c7 Ra8 33.
Qxg7# 1-0

[Event "Early-Titled-Tuesday-Blitz-September-05-2023"]
[Site "Chess.com"]
[Date "2023.09.05"]
[Round "3"]
[White "twofoxniel"]
[Black "stasOR4ik"]
[Result "1-0"]
[WhiteElo "2667"]
[BlackElo "2473"]
[TimeControl "180+1"]
[EndTime "8:27:24 PDT"]
[Termination "twofoxniel won by resignation"]

1. e4 c6 2. d4 d5 3. Nd2 dxe4 4. Nxe4 Nf6 5. Nxf6+ exf6 6. c3 Bd6 7. Bd3 O-O 8. Qc2 h5 9. Ne2 Qc7 10. h3 Re8 11. O-O Nd7 12. Bd2 Nb6 13. c4 c5 14. d5 Nd7 15. f4 a6 16. a4 Nf8 17.
Nc3 Bd7 18. Ne4 Re7 19. Nxd6 Qxd6 20. Rae1 Rae8 21. Rxe7 Rxe7 22. b3 b5 23. axb5 axb5 24. Ra1 Re8 25. Qd1 bxc4 26. bxc4 Qb6 27. Rb1 Qa7 28. Qxh5 Rb8 29. Rxb8 Qxb8 30. Qe2 f5 31. Be3 Ng6 32. Qf2 Qb3 33. Bf1 Bc8 34. Bxc5 Ba6 35. Qd4 Qb1 36. Bd6 Qc1 37. Kf2 Qc2+ 38. Be2 Nh4 39. g3 Ng6 40. Qd3 Qb2 41. Bc5 Nh8 42.
Bd4 Qb3 43. Qxb3 1-0

[Event "Early-Titled-Tuesday-Blitz-September-05-2023"]
[Site "Chess.com"]
[Date "2023.09.05"]
[Round "3"]
[White "DawidCzerw"]
[Black "CrazyMartian"]
[Result "1-0"]
[WhiteElo "2517"]
[BlackElo "2341"]
[TimeControl "180+1"]
[EndTime "8:27:24 PDT"]
[Termination "DawidCzerw won by resignation"]

1. e4 c5 2. Nf3 d5 3. Bb5+ Bd7 4.
Bxd7+ Qxd7 5. exd5 Nf6 6. O-O Nxd5 7. d4 e6 8. c4 Nf6 9. Nc3 cxd4 10. Nxd4 Nc6 11.
Nxc6 Qxc6 12. b3 Rd8 13. Qe2 Be7 14. Bb2 O-O 15. Rac1 Rd7 16. Rfe1 Rfd8 17. Rc2 a6 18. h3 h6 19. a3 Bc5 20. b4 Bd4 21. c5 Nd5 22. Ne4 Bxb2 23. Rxb2 Nf4 24. Qg4 Ng6 25.
Qf3 Rd3 26. Re3 Rxe3 27. Qxe3 Rd1+ 28. Kh2 Qd5 29. Nc3 Qd3 30. Nxd1 Qxd1 31. Rd2 Qa1 32. Rd8+ Kh7 33. Rd7 Qf6 34. Rxb7 Nf4 35. c6 Qg5 36. g3 1-0

[Event "Early-Titled-Tuesday-Blitz-September-05-2023"]
[Site "Chess.com"]
[Date "2023.09.05"]
[Round "3"]
[White "BahadirOzen"]
[Black "Bigfish1995"]
[Result "0-1"]
[WhiteElo "2806"]
[BlackElo "3104"]
[TimeControl "180+1"]
[EndTime "8:27:25 PDT"]
[Termination "Bigfish1995 won by resignation"]

1. a3 a6 2. d4 Ra7 3. Ra2 Ra8 4. Ra1 Nc6 5. Nf3 Na7 6. Be3 Nb5 7. Bd2 Nd6 8. Bc1 Nf6 9. h3 b5 10. Bf4 Bb7 11.
e3 e6 12. Be2 Be7 13. O-O O-O 14. Nbd2 Nf5 15. c4 c5 16. dxc5 bxc4 17. Nxc4 Bxc5 18.
b4 Ba7 19. Rc1 Bb8 20. Bxb8 Qxb8 21. Nd4 Nh4 22. Nf3 Bxf3 23. Bxf3 d5 24. Na5 Qe5 25. Nc6 Qg5 26. g3 Ne4 27. Kh2 Nxf3+ 28. Qxf3 Nd2 29. Qf4 Nxf1+ 30. Rxf1 Qxf4 31. gxf4 f6 32. Rc1 Kf7 33. a4 Rfc8 34. b5 axb5 35. axb5 Rab8 36. b6 Ke8 37. Nxb8 Rxc1 38. b7 Rc7 39. Na6 Rxb7 40. Nc5 Rb6 41. h4 Ke7 42. Kg3 Kd6 43. Nd3 Rb3 44. Nc1 Rb2 45. Kf3 e5 46. fxe5+ fxe5 47. Kg2 e4 48.
Kg3 Ke5 49. Kg2 h5 50. Kg3 Kf5 0-1

[Event "Early-Titled-Tuesday-Blitz-September-05-2023"]
[Site "Chess.com"]
[Date "2023.09.05"]
[Round "3"]
[White "Dmitry_Konenkin"]
[Black "Thecourseoisildur"]
[Result "0-1"]
[WhiteElo "2398"]
[BlackElo "2591"]
[TimeControl "180+1"]
[EndTime "8:27:25 PDT"]
[Termination "Thecourseoisildur won on time"]

1. d4 Nf6 2. Bg5 h5 3. Nc3 d5 4. Qd3 h4 5. O-O-O Rh5 6. Bd2 Bf5 7. Qb5+ Nc6 8. e3 Rb8 9. Be2 a6 10. Qa4 b5 11. Qxa6 Rb6 12. Qa3 b4 13. Qa4 bxc3 14. Bxc3 Rh6 15. Ba5 Ne4 16. Bxb6 Nxf2 17. Bc5 Nxh1 18.
Nf3 Nf2 19. Ne5 Nxd1 20. Nxc6 Bd7 21. Bb5 Qc8 22. Kxd1 f6 23. Na7 Bxb5 24. Qxb5+ Qd7 25. Qb8+ Kf7 26. Qb3 Rg6 27. e4 Rxg2 28. exd5 Qg4+ 29. Kc1 Qf4+ 0-1

[Event "Early-Titled-Tuesday-Blitz-September-05-2023"]
[Site "Chess.com"]
[Date "2023.09.05"]
[Round "3"]
[White "AlexandraSamaganova"]
[Black "S-Fazulyanov"]
[Result "1-0"]
[WhiteElo "2286"]
[BlackElo "2455"]
[TimeControl "180+1"]
[EndTime "8:27:25 PDT"]
[Termination "AlexandraSamaganova won by checkmate"]

1. c4 e5 2. Nc3 Nc6 3. g3 g6 4. Bg2 Bg7 5. e3 Nge7 6. Nge2 O-O 7. O-O d6 8. d4 exd4 9. exd4 Nf5 10. d5 Ne5 11. b3 h5 12. h3 b6 13. Bb2 a5 14.
Qc2 g5 15. Kh2 g4 16. Nf4 Nd4 17. Qc1 Ndf3+ 18. Kh1 Bh6 19. Ne4 gxh3 20. Bxf3 Nxf3 21. Nf6+ Kg7 22. N4xh5+ Kg6 23. Qc3 Ne5 24. f4 Bg4 25. fxe5 Bxh5 26. Qd3+ Kg5 27. Qe3+ Kg6 28. Qe4+ Kg5 29.
Bc1# 1-0

[Event "Early-Titled-Tuesday-Blitz-September-05-2023"]
[Site "Chess.com"]
[Date "2023.09.05"]
[Round "3"]
[White "EpicPlayz282"]
[Black "jsdbv18"]
[Result "0-1"]
[WhiteElo "2395"]
[BlackElo "2594"]
[TimeControl "180+1"]
[EndTime "8:27:26 PDT"]
[Termination "jsdbv18 won by resignation"]

1. e4 c5 2. c3 Nf6 3. e5 Nd5 4. Nf3 Nc6 5. Bc4 Nb6 6. Bb3 d5 7. exd6 Qxd6 8. d4 cxd4 9. cxd4 g6 10. Nc3 Bg7 11. O-O O-O 12. Nb5 Qd8 13. Bf4 Bg4 14. h3 Bxf3 15. Qxf3 Nxd4 16. Nxd4 Qxd4 17. Rab1 e5 18. Be3 Qd7 19. Rfd1 Qe7 20. a4 Rac8 21. a5 Nc4 22. Bxc4 Rxc4 23. Bxa7 e4 24. Qe3 Rfc8 25. Bb6 h5 26. Rd5 Kh7 27. Rbd1 Be5 28. g3 Qe6 29. Kg2 Bxb2 30. Rd7 Bc1 31. Qe1 Qf5 32. Rxb7 Qf3+ 33. Kg1 e3 34. Re7 Bd2 35. Qf1 Rc1 36. Rxc1 Rxc1 37. Bxe3 Rxf1+ 38. Kxf1 Bxe3 39. Rxe3 Qh1+ 40. Ke2 Qxh3 41. a6 Qg4+ 42. Kf1 Qc4+ 43. Kg2 Qxa6 0-1

[Event "Early-Titled-Tuesday-Blitz-September-05-2023"]
[Site "Chess.com"]
[Date "2023.09.05"]
[Round "3"]
[White "CrushingKings"]
[Black "GAusal"]
[Result "1-0"]
[WhiteElo "2552"]
[BlackElo "2287"]
[TimeControl "180+1"]
[EndTime "8:27:26 PDT"]
[Termination "CrushingKings won on time"]

1. Nf3 d5 2. g3 c6 3. Bg2 Bf5 4. O-O Nd7 5. d3 e5 6. Qe1 e4 7. Nh4 Qf6 8. Nxf5 Qxf5 9. c4 Ngf6 10. cxd5 cxd5 11. Qa5 b6 12. Qb5 Bc5 13. Nc3 a6 14. Qc6 O-O 15. dxe4 dxe4 16. Nxe4 Ng4 17. Nxc5 bxc5 18.
Qa4 Rab8 19. Bh3 h5 20. f3 Rb4 21. Qd1 Nde5 22. fxg4 Qe6 23. Bf4 Nxg4 24. Qc2 Re8 25.
Rae1 Re4 26. e3 f6 27. Bg2 Rc4 28. Qd3 g5 29. Bd5 1-0

[Event "Early-Titled-Tuesday-Blitz-September-05-2023"]
[Site "Chess.com"]
[Date "2023.09.05"]
[Round "3"]
[White "Flaccidmoves"]
[Black "DarZay"]
[Result "0-1"]
[WhiteElo "2470"]
[BlackElo "2274"]
[TimeControl "180+1"]
[EndTime "8:27:26 PDT"]
[Termination "DarZay won on time"]

1. d4 d5 2. c4 e6 3. Nc3 Be7 4. Nf3 Nf6 5. Bf4 O-O 6. e3 c6 7.
Rc1 Ne4 8. Nxe4 dxe4 9. Nd2 f5 10.
f3 exf3 11. gxf3 Nd7 12. Bd3 Bh4+ 13. Bg3 Qg5 14. Nf1 f4 15. exf4 Qxf4 16. Bxh4 Qxh4+ 17. Ng3 e5 18. dxe5 Nxe5 19. Be4 Bf5 20. Bxf5 Rxf5 21. O-O Rg5 22. Qe1 Nd3 23. Qe6+ Kh8 24. Rcd1 Qd4+ 25. Kh1 Nf2+ 26. Rxf2 Qxf2 27. Qe4 Rf8 28. Rf1 Qc5 29. Kg2 h6 30. Re1 Qb4 31. Re2 Qd6 32. b3 Qf4 33.
Qxf4 Rxf4 34. Re7 Rd4 35. Rxb7 Rd2+ 36. Kh3 Rxa2 37. f4 Rga5 38. f5 Rf2 0-1

[Event "Early-Titled-Tuesday-Blitz-September-05-2023"]
[Site "Chess.com"]
[Date "2023.09.05"]
[Round "3"]
[White "Lennis93"]
[Black "FairChess_on_YouTube"]
[Result "1/2-1/2"]
[WhiteElo "2810"]
[BlackElo "3052"]
[TimeControl "180+1"]
[EndTime "8:27:28 PDT"]
[Termination "Game drawn by repetition"]

1. Nf3 b5 2. g3 Bb7 3. Bg2 Nf6 4. O-O g6 5. a4 b4 6. c4 bxc3 7. Nxc3 Na6 8. d4 Bg7 9. Qb3 Bxf3 10. Bxf3 Rb8 11.
Qc4 Nb4 12. Bf4 O-O 13. Bxc7 Qc8 14. Rac1 Na6 15. Nb5 Nxc7 16. Nxc7 Rxb2 17. Rb1 Rxb1 18. Rxb1 d5 19. Qc5 Qf5 20. Rb7 e6 21. Rxa7 h5 22. h4 Ne4 23. Bxe4 Qxe4 24. e3 g5 25. hxg5 h4 26.
gxh4 Qg4+ 27. Kf1 Qd1+ 28. Kg2 Qg4+ 29. Kf1 Rb8 30. Ra8 Bf8 31. Rxb8 Qd1+ 32. Kg2 Qg4+ 33.
Kh1 Qxh4+ 34. Kg1 Qg4+ 35. Kh2 Qh4+ 36. Kg2 Qg4+ 37. Kf1 Qd1+ 38. Kg2 Qg4+ 39. Kf1 Qd1+ 40. Kg2 Qg4+ 1/2-1/2

[Event "Early-Titled-Tuesday-Blitz-September-05-2023"]
[Site "Chess.com"]
[Date "2023.09.05"]
[Round "3"]
[White "Korchmar_Vasiliy"]
[Black "Vaathi_Coming"]
[Result "1-0"]
[WhiteElo "2703"]
[BlackElo "2860"]
[TimeControl "180+1"]
[EndTime "8:27:28 PDT"]
[Termination "Korchmar_Vasiliy won on time"]

1. e4 c6 2. d4 d5 3. exd5 cxd5 4.
Bd3 Nc6 5. c3 Nf6 6. h3 g6 7.
Nf3 Bf5 8. O-O Bxd3 9. Qxd3 Bg7 10. Bf4 O-O 11. Nbd2 a6 12. Rfe1 b5 13. b4 Qd7 14.
Nb3 Ne4 15. a4 bxa4 16. Nc5 Nxc5 17. bxc5 f6 18. Qc2 Rfe8 19. Rxa4 e5 20. Be3 a5 21. Rb1 Rab8 22. Rb6 Rxb6 23. cxb6 Rb8 24. c4 Rxb6 25.
dxe5 d4 26. c5 Rb8 27. Nxd4 Nxe5 28. Rxa5 f5 29. c6 Qc7 30. Qa2+ Kh8 31. Ra7 Qc8 32. Ne6 Nxc6 33. Rxg7 1-0

[Event "Early-Titled-Tuesday-Blitz-September-05-2023"]
[Site "Chess.com"]
[Date "2023.09.05"]
[Round "3"]
[White "Alexei_Gubajdullin"]
[Black "chenrip"]
[Result "1-0"]
[WhiteElo "2591"]
[BlackElo "2402"]
[TimeControl "180+1"]
[EndTime "8:27:28 PDT"]
[Termination "Alexei_Gubajdullin won on time"]

1. d4 d5 2. Nf3 Nf6 3. Bf4 e6 4. e3 c5 5. Nbd2 Bd7 6. c3 Be7 7. Bd3 Nc6 8. Ne5 Nxe5 9. dxe5 Ng8 10. h4 Qb6 11. Rb1 O-O-O 12. Qe2 Kb8 13. h5 Ka8 14.
O-O g6 15. c4 Bc6 16. cxd5 exd5 17. b4 c4 18. Bc2 f6 19. b5 Bd7 20. Nf3 fxe5 21. Bxe5 Bf6 22. a4 gxh5 23. a5 Qe6 24. Bd4 Bxd4 25. Nxd4 Qg4 26. f3 Qg3 27. a6 b6 28. e4 Nf6 29. exd5 Rde8 30. Qxc4 1-0

[Event "Early-Titled-Tuesday-Blitz-September-05-2023"]
[Site "Chess.com"]
[Date "2023.09.05"]
[Round "3"]
[White "DenLaz"]
[Black "MarcoRiehle"]
[Result "1-0"]
[WhiteElo "3073"]
[BlackElo "2803"]
[TimeControl "180+1"]
[EndTime "8:27:29 PDT"]
[Termination "DenLaz won on time"]

1. d4 d5 2. c4 e6 3. Nf3 Nf6 4.
g3 dxc4 5. Bg2 Bb4+ 6. Bd2 a5 7. a3 Bxd2+ 8. Nbxd2 b5 9. b3 cxb3 10. Qxb3 Bd7 11. O-O O-O 12. Rfc1 Bc6 13. Qb2 a4 14.
Rc2 Bxf3 15. Nxf3 c6 16. Ne5 Nd5 17. Nxc6 Nxc6 18. Rxc6 Rb8 19. Rc5 b4 20. Bxd5 bxa3 21.
Qxa3 exd5 22. Qxa4 Qe7 23. Qc2 Rfd8 24. e3 g6 25. Kg2 h5 26. Raa5 h4 27. g4 Rb6 28.
h3 Qe6 29. Qe2 Kg7 30. Qf3 Rbd6 31. Qf4 Rb6 32. g5 Rb2 33. Ra7 Rd7 34. Qf6+ Kh7 35. Qxe6 Rxa7 36. Qf6 Rb8 37. Rxd5 Ra2 38. Re5 Rc8 39.
Re4 Rxf2+ 40. Kxf2 Kg8 41. Rxh4 1-0

[Event "Early-Titled-Tuesday-Blitz-September-05-2023"]
[Site "Chess.com"]
[Date "2023.09.05"]
[Round "3"]
[White "MKlose11"]
[Black "Logman74"]
[Result "0-1"]
[WhiteElo "2645"]
[BlackElo "2484"]
[TimeControl "180+1"]
[EndTime "8:27:29 PDT"]
[Termination "Logman74 won on time"]

1. e4 c5 2. Nc3 Nc6 3. g3 g6 4. Bg2 Bg7 5. d3 d6 6. Be3 Qa5 7. Qd2 b5 8. Nge2 Rb8 9. O-O Nd4 10. f4 Bg4 11. Nc1 Nf6 12. Nb3 Nxb3 13. axb3 Qc7 14. Ra6 Bc8 15. Ra2 O-O 16. b4 Be6 17. Ra6 cxb4 18.
Rxa7 bxc3 19. Rxc7 cxd2 20. Rxe7 Rfe8 21. Rxe8+ Rxe8 22.
Bxd2 Ng4 23. c3 f5 24. Ra1 Nf6 25. Ra6 Bf8 26. Rb6 d5 27. Rxb5 dxe4 28. dxe4 Nxe4 29. Be3 Bc4 30. Rb7 Bc5 31. Bxc5 Nxc5 32. Rc7 Re1+ 33. Bf1 Rxf1+ 34. Kg2 Rb1 35. Rxc5 Rxb2+ 36. Kh3 Bf1+ 37. Kh4 Rxh2+ 38. Kg5 Re2 39. Rc7 Re6 40. Kh6 Be2 41. c4 Kf8 42. Kxh7 Re7+ 0-1

[Event "Early-Titled-Tuesday-Blitz-September-05-2023"]
[Site "Chess.com"]
[Date "2023.09.05"]
[Round "3"]
[White "Nbk90"]
[Black "LoaySameer"]
[Result "0-1"]
[WhiteElo "2117"]
[BlackElo "2537"]
[TimeControl "180+1"]
[EndTime "8:27:29 PDT"]
[Termination "LoaySameer won by resignation"]

1. Nf3 Nf6 2. c4 g6 3. Nc3 Bg7 4. g3 O-O 5. Bg2 d6 6. O-O c6 7. d4 Qa5 8. e4 Bg4 9. h3 Bxf3 10. Bxf3 Nfd7 11. Rb1 c5 12. d5 Bxc3 13. bxc3 Nb6 14. Be2 N8d7 15. Qc2 Qa4 16. Qxa4 Nxa4 17. Rxb7 Rfd8 18.
Rb3 Nab6 19. Bg5 f6 20. Bf4 g5 21. Be3 Ne5 22. Rfb1 Nexc4 23. Bxc4 Nxc4 24. Rb7 Kf7 25. a4 Ke8 26. Kf1 Rd7 27. Bc1 Rxb7 28. Rxb7 Kd8 29. f4 gxf4 30. gxf4 Na5 31. Rb5 Nc4 32. a5 a6 33. Rb1 Nxa5 34. e5 fxe5 35. fxe5 Kc7 36. e6 Nc4 37. Ke2 Nb6 38. Bg5 Nxd5 39. Rd1 Nxc3+ 0-1